HSSL
RANDALL HS RAIDERS @ JOHN JAY HS PATRIOTS
05/12/2026
 
TOP OF THE 1ST
Randall HS Raiders batting - Pitching for John Jay HS Patriots : RHP John Dukes
Pitching: RHP John Dukes
Batting: RHB Phil Hacker 0-0: Ball
1-0: Swinging Strike
1-1: Called Strike
1-2: Ball
2-2: SOLO HOME RUN (Flyball, 8LXD), Distance : 442 ft
Batting: RHB Jake Reeves 0-0: Ball
1-0: SINGLE (Groundball, 56D)
Batting: RHB Alex Miller 0-0: Ball
Wild Pitch!
Jake Reeves to second
1-0: SINGLE (Groundball, 6MD) (infield hit)
Jake Reeves to third
Batting: LHB John Roberts 0-0: Called Strike
0-1: Ball
1-1: Ball
2-1: Foul Ball, location: 2F
2-2: Ball
3-2: Foul Ball, location: 2F
3-2: Fly out, F8 (Flyball, 8LM)
Batting: RHB Derek Hartman 0-0: Foul Ball, location: 2F
0-1: Ball
1-1: Called Strike
1-2: Ball
2-2: Ball
3-2: Base on Balls
Alex Miller to second
Batting: SHB Howard Romero 0-0: Foul Ball, location: 2F
0-1: Called Strike
0-2: Ball
1-2: Ball
2-2: Strikes out swinging
Batting: RHB Flynn Roberts 0-0: Ball
1-0: Fly out, F8 (Flyball, 8LM)
Top of the 1st over - 1 run(s), 3 hit(s), 0 error(s), 3 left on base; Randall HS 1 - John Jay HS 0
BOTTOM OF THE 1ST
John Jay HS Patriots batting - Pitching for Randall HS Raiders : RHP Millard Manning
Pitching: RHP Millard Manning
Batting: RHB Nick Simmons 0-0: Called Strike
0-1: Ball
1-1: Ball
2-1: Ground out 4-3 (Groundball, 4)
Batting: LHB Christian Lovelass 0-0: Foul Ball, location: 2F
0-1: Foul Ball, location: 2F
0-2: Ball
1-2: Ground out 2-3 (Groundball, 25)
Batting: RHB Marlon Hernández 0-0: Called Strike
0-1: Fly out, F7 (Flyball, 78M)
Bottom of the 1st over - 0 run(s), 0 hit(s), 0 error(s), 0 left on base; Randall HS 1 - John Jay HS 0
TOP OF THE 2ND
Randall HS Raiders batting - Pitching for John Jay HS Patriots : RHP John Dukes
Batting: LHB Luis Antonio Cortéz 0-0: Called Strike
0-1: Ball
1-1: Fly out, F7 (Flyball, 7M)
Batting: RHB Stephen McNeely 0-0: Called Strike
0-1: Fly out, F6 (Line Drive, 6)
Batting: RHB Phil Hacker 0-0: Ball
1-0: Ball
2-0: Called Strike
2-1: Foul Ball, location: 2F
2-2: Foul Ball, location: 2F
2-2: Strikes out looking
Top of the 2nd over - 0 run(s), 0 hit(s), 0 error(s), 0 left on base; Randall HS 1 - John Jay HS 0
BOTTOM OF THE 2ND
John Jay HS Patriots batting - Pitching for Randall HS Raiders : RHP Millard Manning
Batting: RHB Jeff Benson 0-0: Called Strike
0-1: Ground out 6-3 (Groundball, 6M)
Batting: RHB Weldon Bell 0-0: Ground out 6-3 (Groundball, 6M)
Batting: RHB Jason Taylor 0-0: Foul Ball, location: 2F
0-1: Ball
1-1: Ball
2-1: Foul Ball, location: 2F
2-2: Foul Ball, location: 2F
2-2: Strikes out swinging
Bottom of the 2nd over - 0 run(s), 0 hit(s), 0 error(s), 0 left on base; Randall HS 1 - John Jay HS 0
TOP OF THE 3RD
Randall HS Raiders batting - Pitching for John Jay HS Patriots : RHP John Dukes
Batting: RHB Jake Reeves 0-0: Called Strike
0-1: Called Strike
0-2: Ball
1-2: Foul Ball, location: 2F
1-2: SINGLE (Flyball, 89S)
Batting: RHB Alex Miller 0-0: Ball
1-0: Called Strike
1-1: Called Strike
1-2: Ball
2-2: Foul Ball, location: 2F
2-2: Foul Ball, location: 2F
2-2: Strikes out swinging
Batting: LHB John Roberts 0-0: Foul Ball, location: 2F
0-1: Fielders Choice at 2nd, 1-4 (Groundball, 13S)
Batting: RHB Derek Hartman 0-0: Called Strike
0-1: Called Strike
0-2: Ball
1-2: Fly out, F8 (Line Drive, 8LS)
Top of the 3rd over - 0 run(s), 1 hit(s), 0 error(s), 1 left on base; Randall HS 1 - John Jay HS 0
BOTTOM OF THE 3RD
John Jay HS Patriots batting - Pitching for Randall HS Raiders : RHP Millard Manning
Batting: RHB Henry Catron 0-0: Ball
1-0: Ball
2-0: Ball
3-0: Base on Balls
Batting: SHB Andre Keeler 0-0: Foul Ball, location: 2F
0-1: Ball
1-1: Ball
2-1: Fly out, F7 (Flyball, 7M)
Batting: RHB Ken Williams 0-0: Swinging Strike
0-1: Fly out, F7 (Flyball, 78M)
Batting: RHB Nick Simmons 0-0: Fly out, F8 (Flyball, 8LM)
Bottom of the 3rd over - 0 run(s), 0 hit(s), 0 error(s), 1 left on base; Randall HS 1 - John Jay HS 0
TOP OF THE 4TH
Randall HS Raiders batting - Pitching for John Jay HS Patriots : RHP John Dukes
Batting: SHB Howard Romero 0-0: SINGLE (Line Drive, 34)
Batting: RHB Flynn Roberts 0-0: Ball
1-0: Ball
2-0: Fielders Choice at 2nd, 1-4 (Groundball, 15S)
Batting: LHB Luis Antonio Cortéz 0-0: Ball
1-0: Ball
2-0: Foul Ball, location: 2F
2-1: Fly out, F9 (Flyball, 9LM)
Batting: RHB Stephen McNeely 0-0: Called Strike
0-1: Ball
1-1: Swinging Strike
1-2: Foul Ball, location: 2F
1-2: Ball
2-2: Ball
3-2: Base on Balls
Flynn Roberts to second
Batting: RHB Phil Hacker 0-0: Called Strike
0-1: Fielders Choice at 2nd, U6 (Groundball, 6M)
Top of the 4th over - 0 run(s), 1 hit(s), 0 error(s), 2 left on base; Randall HS 1 - John Jay HS 0
BOTTOM OF THE 4TH
John Jay HS Patriots batting - Pitching for Randall HS Raiders : RHP Millard Manning
Batting: LHB Christian Lovelass 0-0: Ball
1-0: Ball
2-0: Called Strike
2-1: Foul Ball, location: 2F
2-2: Foul Ball, location: 2F
2-2: Strikes out swinging
Batting: RHB Marlon Hernández 0-0: Ball
1-0: Called Strike
1-1: Foul Ball, location: 2F
1-2: Ball
2-2: Fly out, F9 (Flyball, 9S)
Batting: RHB Jeff Benson 0-0: Foul Ball, location: 2F
0-1: Swinging Strike
0-2: Ball
1-2: Ball
2-2: Strikes out looking
Bottom of the 4th over - 0 run(s), 0 hit(s), 0 error(s), 0 left on base; Randall HS 1 - John Jay HS 0
TOP OF THE 5TH
Randall HS Raiders batting - Pitching for John Jay HS Patriots : RHP John Dukes
Batting: RHB Jake Reeves 0-0: Foul Ball, location: 2F
0-1: Called Strike
0-2: Ball
1-2: Strikes out swinging
Batting: RHB Alex Miller 0-0: Ball
1-0: Foul Ball, location: 2F
1-1: Ground out 5-3 (Groundball, 5L)
Batting: LHB John Roberts 0-0: Ball
1-0: Foul Ball, location: 2F
1-1: Ball
2-1: Fly out, F6 (Popup, 5L)
Top of the 5th over - 0 run(s), 0 hit(s), 0 error(s), 0 left on base; Randall HS 1 - John Jay HS 0
BOTTOM OF THE 5TH
John Jay HS Patriots batting - Pitching for Randall HS Raiders : RHP Millard Manning
Batting: RHB Weldon Bell 0-0: Ball
1-0: Ball
2-0: Fly out, F7 (Flyball, 7M)
Batting: RHB Jason Taylor 0-0: Ball
1-0: Swinging Strike
1-1: Called Strike
1-2: Foul Ball, location: 2F
1-2: Strikes out looking
Batting: RHB Henry Catron 0-0: Called Strike
0-1: Swinging Strike
0-2: Strikes out swinging
Bottom of the 5th over - 0 run(s), 0 hit(s), 0 error(s), 0 left on base; Randall HS 1 - John Jay HS 0
TOP OF THE 6TH
Randall HS Raiders batting - Pitching for John Jay HS Patriots : RHP John Dukes
Pitching: RHP Stanley Benson
Batting: RHB Derek Hartman 0-0: Called Strike
0-1: Swinging Strike
0-2: Strikes out swinging
Batting: SHB Howard Romero 0-0: SINGLE (Line Drive, 4MD)
Batting: RHB Flynn Roberts 0-0: Called Strike
0-1: Ball
1-1: Ball
2-1: SINGLE (Flyball, 78S)
Howard Romero to second
Batting: LHB Luis Antonio Cortéz 0-0: Called Strike
0-1: Ball
1-1: Foul Ball, location: 2F
1-2: Foul Ball, location: 2F
1-2: Foul Ball, location: 2F
1-2: SINGLE (Line Drive, 4M)
Howard Romero to third
Flynn Roberts to second
Runner from 3rd tries for Home, SAFE, no throw or cutoff
Batting: RHB Stephen McNeely 0-0: Ball
1-0: Called Strike
1-1: Ball
2-1: Ball
3-1: Base on Balls
Flynn Roberts to third
Luis Antonio Cortéz to second
Batting: RHB Phil Hacker 0-0: Foul Ball, location: 2F
0-1: Ball
Single, Error in OF, E9, batter to second base
Flynn Roberts scores
Luis Antonio Cortéz scores
Stephen McNeely to third
Batting: RHB Jake Reeves 0-0: Ball
1-0: Ball
2-0: Foul Ball, location: 2F
2-1: Foul Ball, location: 2F
2-2: Foul Ball, location: 2F
2-2: Ball
3-2: Base on Balls
Batting: RHB Alex Miller 0-0: Called Strike
0-1: Ball
1-1: Fly out, F2 (Popup, 2LF)
Batting: LHB John Roberts 0-0: Fly out, F7 (Flyball, 7LMF)
Top of the 6th over - 3 run(s), 4 hit(s), 1 error(s), 3 left on base; Randall HS 4 - John Jay HS 0
BOTTOM OF THE 6TH
John Jay HS Patriots batting - Pitching for Randall HS Raiders : RHP Millard Manning
Batting: SHB Andre Keeler 0-0: Called Strike
0-1: Ball
1-1: Called Strike
1-2: Fly out, F8 (Flyball, 8LM)
Batting: RHB Ken Williams 0-0: Ball
1-0: Fly out, F4 (Popup, 4D)
Batting: RHB Nick Simmons 0-0: Ball
1-0: Ball
2-0: Foul Ball, location: 2F
2-1: Ball
3-1: Base on Balls
Batting: LHB Christian Lovelass 0-0: SINGLE (Line Drive, 4MD)
Nick Simmons to second
Runner from 2nd tries for 3rd, SAFE, no throw or cutoff
Batting: RHB Marlon Hernández 0-0: Ball
1-0: Ball
2-0: Foul Ball, location: 2F
2-1: SINGLE (Groundball, 6MD)
Nick Simmons scores
Christian Lovelass to second
Runner from 2nd tries for 3rd, SAFE, no throw or cutoff
Batting: RHB Jeff Benson 0-0: Ball
Wild Pitch!
Christian Lovelass scores
Marlon Hernández to second
1-0: Called Strike
1-1: SINGLE (Line Drive, 4M)
Marlon Hernández to third
Runner from 3rd tries for Home, SAFE, no throw or cutoff
Batting: RHB Weldon Bell 0-0: DOUBLE (Flyball, 7LD)
Jeff Benson to third
Runner from 3rd tries for Home, throw and OUT!
Bottom of the 6th over - 3 run(s), 4 hit(s), 0 error(s), 1 left on base; Randall HS 4 - John Jay HS 3
TOP OF THE 7TH
Randall HS Raiders batting - Pitching for John Jay HS Patriots : RHP Stanley Benson
Batting: RHB Derek Hartman 0-0: Called Strike
0-1: Ground out 5-3 (Groundball, 56)
Batting: SHB Howard Romero 0-0: Swinging Strike
0-1: Called Strike
0-2: Ball
1-2: Strikes out looking
Batting: RHB Flynn Roberts 0-0: Swinging Strike
0-1: Foul Ball, location: 2F
0-2: Foul Ball, location: 2F
0-2: Foul Ball, location: 2F
0-2: Ball
1-2: Ball
2-2: Ball
3-2: Strikes out swinging
Top of the 7th over - 0 run(s), 0 hit(s), 0 error(s), 0 left on base; Randall HS 4 - John Jay HS 3
BOTTOM OF THE 7TH
John Jay HS Patriots batting - Pitching for Randall HS Raiders : RHP Millard Manning
Batting: RHB Jason Taylor 0-0: Foul Ball, location: 2F
0-1: Ball
1-1: Ball
2-1: Called Strike
2-2: Strikes out swinging
Pitching: RHP Otto Norwood
Batting: RHB Henry Catron 0-0: SINGLE (Groundball, 34)
Batting: SHB Andre Keeler 0-0: Called Strike
0-1: Called Strike
0-2: Ball
1-2: Foul Ball, location: 2F
1-2: Foul Ball, location: 2F
1-2: Foul Ball, location: 2F
1-2: Ball
2-2: Strikes out swinging
Pinch Hitting: LHB Norberto Garza 0-0: Swinging Strike
0-1: Ball
1-1: Foul Ball, location: 2F
1-2: Ground out U3 (Groundball, 3)
Bottom of the 7th over - 0 run(s), 1 hit(s), 0 error(s), 1 left on base; Randall HS 4 - John Jay HS 3
TOP OF THE 8TH
Randall HS Raiders batting - Pitching for John Jay HS Patriots : RHP Stanley Benson
Pitching: RHP Bill Dickerson
Now at 1B: Norberto Garza
Batting: LHB Luis Antonio Cortéz 0-0: Ball
1-0: Swinging Strike
1-1: Ball
2-1: Called Strike
2-2: Strikes out swinging
Batting: RHB Stephen McNeely 0-0: Ball
1-0: Foul Ball, location: 2F
1-1: Foul Ball, location: 2F
1-2: Strikes out looking
Batting: RHB Phil Hacker 0-0: Ball
1-0: Ball
2-0: Reached on Error, E6 (Popup, 56D)
Batting: RHB Jake Reeves 0-0: Called Strike
0-1: SINGLE (Groundball, 6MD)
Phil Hacker to second
Runner from 2nd tries for 3rd, SAFE, throw made to third
Batting: RHB Alex Miller 0-0: Foul Ball, location: 2F
0-1: Swinging Strike
0-2: Foul Ball, location: 2F
0-2: Ball
1-2: Strikes out looking
Top of the 8th over - 0 run(s), 1 hit(s), 1 error(s), 2 left on base; Randall HS 4 - John Jay HS 3
BOTTOM OF THE 8TH
John Jay HS Patriots batting - Pitching for Randall HS Raiders : RHP Otto Norwood
Batting: RHB Nick Simmons 0-0: Ball
1-0: Called Strike
1-1: Ball
2-1: Fly out, F3 (Line Drive, 3)
Batting: LHB Christian Lovelass 0-0: Ball
1-0: Ball
2-0: Swinging Strike
2-1: Ball
3-1: Ground out 1-3 (Groundball, 15)
Batting: RHB Marlon Hernández 0-0: Called Strike
0-1: Ball
1-1: Ball
2-1: Called Strike
2-2: Fly out, F9 (Flyball, 9LSF)
Bottom of the 8th over - 0 run(s), 0 hit(s), 0 error(s), 0 left on base; Randall HS 4 - John Jay HS 3
TOP OF THE 9TH
Randall HS Raiders batting - Pitching for John Jay HS Patriots : RHP Bill Dickerson
Pitching: RHP R.J. McAlduie
Batting: LHB John Roberts 0-0: Ball
1-0: Ball
2-0: Called Strike
2-1: Swinging Strike
2-2: Strikes out looking
Batting: RHB Derek Hartman 0-0: Foul Ball, location: 2F
0-1: Ball
1-1: Swinging Strike
1-2: Ball
2-2: Foul Ball, location: 2F
2-2: Fly out, F7 (Flyball, 7M)
Batting: SHB Howard Romero 0-0: Called Strike
0-1: Swinging Strike
0-2: Ball
1-2: SOLO HOME RUN (Flyball, 9LD), Distance : 341 ft
Batting: RHB Flynn Roberts 0-0: Ball
1-0: Swinging Strike
1-1: Ball
2-1: SINGLE (Line Drive, 7S)
Batting: LHB Luis Antonio Cortéz 0-0: Called Strike
0-1: Ball
1-1: Swinging Strike
1-2: SINGLE (Line Drive, 34D)
Flynn Roberts to second
Batting: RHB Stephen McNeely 0-0: Ball
1-0: Called Strike
1-1: Ball
2-1: Ball
3-1: SINGLE (Flyball, 89M)
Flynn Roberts to third
Luis Antonio Cortéz to second
Runner from 3rd tries for Home, SAFE, no throw or cutoff
Batting: RHB Phil Hacker 0-0: Ball
1-0: Reached on error, E6 (Groundball, 6)
Luis Antonio Cortéz to third
Stephen McNeely to second
Batting: RHB Jake Reeves 0-0: Ball
1-0: Ground out 5-3 (Groundball, 5L)
Top of the 9th over - 2 run(s), 4 hit(s), 1 error(s), 3 left on base; Randall HS 6 - John Jay HS 3
BOTTOM OF THE 9TH
John Jay HS Patriots batting - Pitching for Randall HS Raiders : RHP Otto Norwood
Pitching: RHP Dave Mitchell
Batting: RHB Jeff Benson 0-0: Reached on error, E6 (Groundball, 6)
Batting: RHB Weldon Bell 0-0: Swinging Strike
0-1: Swinging Strike
0-2: Ball
1-2: SINGLE (Groundball, 15) (infield hit)
Jeff Benson to second
Batting: RHB Jason Taylor 0-0: SINGLE (Groundball, 56)
Jeff Benson to third
Weldon Bell to second
Runner from 3rd tries for Home, SAFE, no throw or cutoff
Batting: RHB Henry Catron 0-0: Called Strike
0-1: Ball
1-1: Ball
2-1: Ball
3-1: Grounds into double play, 5-4-3 (Groundball, 56)
Weldon Bell to third
Batting: SHB Andre Keeler 0-0: Ball
1-0: Called Strike
1-1: Ball
2-1: Fly out, F7 (Flyball, 78S)
Bottom of the 9th over - 1 run(s), 2 hit(s), 1 error(s), 1 left on base; Randall HS 6 - John Jay HS 4
Monday, December 5th, 2016 - OOTP Baseball 17.12 Build 75